 Dungeon Crawl Stone Soup version 0.25-a0-1133-g93ebf73 (webtiles) character file.

Game seed: 6250435292429105187, levelgen mode: deterministic

34 thirtiethelement the Skirmisher (level 3, 0/29 HPs)
             Began as a Demonspawn Abyssal Knight on May 22, 2020.
             Was a Follower of Lugonu.
             Slain by Sigmund
             ... wielding a +0 scythe
              (6 damage)
             ... on level 2 of the Dungeon.
             The game lasted 00:06:07 (1356 turns).

thirtiethelement the Skirmisher (DsAK)              Turns: 1356, Time: 00:06:08

Health: 0/29       AC:  5    Str: 13    XL:     3   Next: 14%
Magic:  4/4        EV: 11    Int: 13    God:    Lugonu [*.....]
Gold:   42         SH:  0    Dex: 12    Spells: 2/2 levels left

rFire    . . .     SeeInvis .   a - +1 falchion
rCold    + . .     Gourm    .   (no shield)
rNeg     . . .     Faith    .   b - +0 leather armour
rPois    .         Spirit   .   (helmet restricted)
rElec    .         Reflect  .   d - +0 cloak
rCorr    .         Harm     .   f - +0 pair of gloves
MR       .....                  (no boots)
Stlth    +.........             (no amulet)
HPRegen  0.09/turn              (no ring)
MPRegen  0.09/turn              (no ring)

@: no status effects
A: antennae 1, cold resistance 1
a: Depart the Abyss, Renounce Religion


You were on level 2 of the Dungeon.
You worshipped Lugonu.
Lugonu was aware of your devotion.
You were not hungry.

You visited 1 branch of the dungeon, and saw 2 of its levels.
You visited the Abyss 1 time.

You collected 42 gold pieces.

Inventory:

Hand Weapons
 a - a +1 falchion (weapon)
Missiles
 e - 11 poisoned darts (quivered)
Armour
 b - a +0 leather armour (worn)
 d - a +0 cloak (worn)
 f - a +0 pair of gloves (worn)
 g - a +0 tower shield
Potions
 j - a potion of invisibility {unknown}
Comestibles
 c - a ration


   Skills:
 + Level 3.5 Fighting
 + Level 2.4 Long Blades
 + Level 1.9 Armour
 + Level 1.2 Dodging
 + Level 2.6 Invocations


You had 2 spell levels left.
You didn't know any spells.
Your spell library was empty.

Dungeon Overview and Level Annotations

Branches:
Dungeon (2/15)

Altars:

Annotations:
D:2 Sigmund


Innate Abilities, Weirdness & Mutations

You have a pair of small antennae on your head.
Your flesh is cold resistant. (rC+)


Message History

The leopard gecko bites you but does no damage.
Found 9 gold pieces.
The leopard gecko hisses menacingly.
It was a potion of curing.
You feel better. The rat misses you.
The leopard gecko completely misses you.
You riposte.
You barely miss the leopard gecko. You completely miss the rat.
Sigmund barely misses you. The rat bites you but does no damage.
The leopard gecko bites you.
You slash the rat!
You kill the rat!
Lugonu accepts your kill. The leopard gecko misses you.
You riposte.
You barely miss the leopard gecko.
Sigmund hits you from afar with a +0 scythe.
* * * LOW HITPOINT WARNING * * *
You closely miss the leopard gecko. The leopard gecko closely misses you.
You riposte.
You closely miss the leopard gecko. The leopard gecko bites you.
* * * LOW HITPOINT WARNING * * *
You miss the leopard gecko.
Sigmund hits you from afar with a +0 scythe.
You die...

#...##.....§###......
........§§§§§§.........
........§§§§§§......# .
........§@§§§@§.....# ..
......#.§§§§§§§.....#...
......##..§§####........
.......#....# #@.......
.......#....# #†l......
.......'.#### #@.....##
.......### #....###
.......# #....# .†.....#
#....# .......# #....#
..<....# #....# .......#
#....# ######## ###### #


You could see Sigmund and a leopard gecko.

Vanquished Creatures
  An adder (D:2)
  A dart slug (D:1)
  A leopard gecko (D:1)
  3 goblins (D:1)
  2 hobgoblins (D:1)
  A kobold (D:2)
  A quokka (D:2)
  2 ball pythons (D:1)
  4 bats (D:1)
  4 rats
20 creatures vanquished.

Notes
Turn   | Place    | Note
-------+----------+-------------------------------------------
     0 | Abyss:1  | thirtiethelement the Demonspawn Abyssal Knight began the
                  | quest for the Orb.
     0 | Abyss:1  | Reached XP level 1. HP: 18/18 MP: 2/2
    41 | D:1      | Escaped the Abyss
   674 | D:1      | Reached * piety under Lugonu
   903 | D:1      | Gained mutation: You have a pair of small antennae on your
                  | head. [demonic ancestry]
   903 | D:1      | Reached XP level 2. HP: 24/24 MP: 3/3
  1012 | D:1      | Reached skill level 1 in Dodging
  1307 | D:2      | Gained mutation: Your flesh is cold resistant. (rC+)
                  | [demonic ancestry]
  1307 | D:2      | Reached XP level 3. HP: 28/29 MP: 4/4
  1326 | D:2      | Noticed Sigmund
  1356 | D:2      | Slain by Sigmund

Illustrated notes

Levels and vault maps discovered:
D:1:      erik_arrival_triangle_large, layout_basic
D:2:      layout_basic, nicolae_overflow_hidden_temple, uniq_sigmund

Skill      XL: |  1  2 |
---------------+-------+-----
Long Blades    | 2 |  2.4
Dodging        | 1 |  1.2
Fighting       | |  3.5
Armour         | |  1.9
Invocations    | |  2.6

Action                   || total
-------------------------++-------
Melee: Falchion          ||    63
Invok: Depart the Abyss  ||     1
  Use: Scroll            ||     1
       Potion            ||     1
  Eat: Ration            ||     1
Armor: Leather armour    ||    32
Dodge: Dodged            ||    64
       Rpst.: Falchion   ||    24

Table legend:
 A = Non-vault XP
 B = Vault XP
 C = Vault XP percentage of total XP
 D = Non-vault monster count
 E = Vault monster count
 F = Vault count percentage of total count
                 A         B        C        D         E       F
            +---------+---------+-------+---------+---------+-------
      Total |      49 |       0 |   0.0 |      20 |       0 |   0.0
            +---------+---------+-------+---------+---------+-------
        D:1 |      30 |       0 |   0.0 |      16 |       0 |   0.0
        D:2 |      19 |       0 |   0.0 |       4 |       0 |   0.0
            +---------+---------+-------+---------+---------+-------
